 Dungeon Crawl Stone Soup version 0.23-a0-644-gb60d84b (webtiles) character file.

5 Borgoz the Ruffian (level 1, -2/17 HPs)
             Began as a Ghoul Gladiator on Jan 1, 2019.
             Slain by a hobgoblin
             ... wielding a +0 club
              (3 damage)
             ... on level 1 of the Dungeon.
             The game lasted 00:00:24 (143 turns).

Borgoz the Ruffian (Ghoul Gladiator)                 Turns: 143, Time: 00:00:25

Health: -2/17      AC:  4    Str: 17    XL:     1   Next: 80%
Magic:  0/0        EV: 12    Int:  3    God:
Gold:   21         SH:  0    Dex: 10    Spells: 0/0 levels left

rFire    . . .     SeeInvis .     - Unarmed
rCold    + . .     Gourm    .   (no shield)
rNeg     + + +     Faith    .   a - +0 leather armour
rPois    ∞         Spirit   .   b - +0 helmet
rElec    .         Reflect  .   (no cloak)
rCorr    .         Harm     .   (no gloves)
MR       .....                  (no boots)
Stlth    +.........             (no amulet)
HPRegen  0.00/turn              (no ring)
MPRegen  0.07/turn              (no ring)

@: rotting
A: rotting body, claws 1, carnivore, cold resistance 1, negative energy
resistance 3, inhibited regeneration, torment resistance, unbreathing
a: no special abilities


You were on level 1 of the Dungeon.
You were not hungry.

You visited 1 branch of the dungeon, and saw 1 of its levels.

You collected 21 gold pieces.

Inventory:

Missiles
 c - 3 throwing nets (quivered)
Armour
 a - a +0 leather armour (worn)
 b - a +0 helmet (worn)
Scrolls
 e - 3 scrolls of random uselessness {unknown}
 f - a scroll of teleportation {unknown}
Comestibles
 d - a ration


   Skills:
 + Level 2.2 Fighting
 - Level 1.7 Throwing
 * Level 0.4 Armour
 * Level 2.8 Dodging
 + Level 3.3 Unarmed Combat
 + Level 0.1 Spellcasting


You couldn't memorise any spells.
You didn't know any spells.
Your spell library was empty.

Dungeon Overview and Level Annotations

Branches:
Dungeon (1/15)

Altars:


Innate Abilities, Weirdness & Mutations

Your body is rotting away.
You thrive on raw meat.
You are immune to poison.
You have sharp fingernails.
You are carnivorous and can eat meat at any time.
Your flesh is cold resistant. (rC+)
You are immune to negative energy. (rN+++)
You do not regenerate when monsters are visible.
You are immune to unholy pain and torment.
You can survive without breathing.


Message History

A hobgoblin comes into view. It is wielding a +0 club.
The hobgoblin shouts!
Things that are here:
a +0 dagger; a goblin corpse You butcher the goblin corpse.
The hobgoblin hits you with a +0 club.
Things that are here:
a +0 dagger; 3 chunks of flesh; a goblin skeleton You are too injured to fight recklessly!
You are too injured to fight recklessly!
You are too injured to fight recklessly!
You are too injured to fight recklessly!
You are too injured to fight recklessly!
You scratch the hobgoblin but do no damage.
The hobgoblin hits you with a +0 club.
* * * LOW HITPOINT WARNING * * *
You closely miss the hobgoblin. The hobgoblin hits you with a +0 club.
* * * LOW HITPOINT WARNING * * *
You scratch the hobgoblin but do no damage.
The hobgoblin hits you with a +0 club.
You die...

...#### #.## ...(..#
#..# #.###(# ##.##
#.#...# ########..#
#.#.### ##..........#
#.#.######..####..#..#
#.#........##..##.##.#
#.########.#....#..#.#
##.#..#(@g.#.#
#########..##.##..##.#
............#..####..#
#########...........##
##....####### ######


You could see a hobgoblin.

Vanquished Creatures
  A dart slug (D:1)
  A goblin (D:1)
  A ball python (D:1)
  A kobold (D:1)
4 creatures vanquished.

Notes
Turn   | Place    | Note
-------+----------+-------------------------------------------
     0 | D:1      | Borgoz the Ghoul Gladiator began the quest for the Orb.
     0 | D:1      | Reached XP level 1. HP: 17/17 MP: 0/0
   143 | D:1      | Slain by a hobgoblin

Vault maps used:
D:1:      tarquinn_simple_flora_water_d, minmay_close_crescents

Action                   || total
-------------------------++-------
Melee: Unarmed           ||    18
  Eat: Chunk             ||     1
Armor: Leather armour    ||     2
Dodge: Dodged            ||    11

Table legend:
 A = Non-vault XP
 B = Vault XP
 C = Vault XP percentage of total XP
 D = Non-vault monster count
 E = Vault monster count
 F = Vault count percentage of total count
                 A         B        C        D         E       F
            +---------+---------+-------+---------+---------+-------
      Total |       2 |       6 |  75.0 |       2 |       2 |  50.0
            +---------+---------+-------+---------+---------+-------
        D:1 |       2 |       6 |  75.0 |       2 |       2 |  50.0
            +---------+---------+-------+---------+---------+-------
